 Dungeon Crawl Stone Soup version 0.26.0-45-g9c1d065592 (webtiles) character file.

Game seed: 12184594723856197486

(classic levelgen) 179 thiole the Cutter (level 5, -2/34 HPs)
             Began as an Octopode Hedge Wizard on Jan 29, 2021.
             Slain by a phantom (8 damage)
             ... on level 4 of the Dungeon.
             The game lasted 00:08:37 (4196 turns).

thiole the Cutter (Octopode Hedge Wizard)           Turns: 4196, Time: 00:08:38

Health: -2/34      AC:  1    Str:  9    XL:     5   Next: 59%
Magic:  0/9        EV: 13    Int: 24    God:
Gold:   71         SH:  0    Dex: 11    Spells: 2/10 levels left

rFire    . . .     SeeInvis .   a - +0 dagger
rCold    + . .     Faith    .   (no shield)
rNeg     . . .     Spirit   +   b - +0 hat
rPois    .         Reflect  .   o - amulet of guardian spirit
rElec    .         Harm     .   n - +6 ring of intelligence
rCorr    .         Rampage  .   t - ring of protection from cold
Will     .....                  (no ring)
Stlth    +++.......             (no ring)
HPRegen  0.11/turn              (no ring)
MPRegen  0.11/turn              (no ring)
                                (no ring)
                                (no ring)

@: no status effects
A: almost no armour, stealthy swim, amphibious, 8 rings, constrict 8, camouflage
1, gelatinous body 1
a: no special abilities


You were on level 4 of the Dungeon.
You visited 1 branch of the dungeon, and saw 4 of its levels.
You also visited: Sewer.

You collected 71 gold pieces.

Inventory:

Hand Weapons
 a - a +0 dagger (weapon)
 q - a +0 hunting sling
Missiles
 l - 16 poisoned darts
 r - 95 stones
 s - 3 silver javelins
Armour
 b - a +0 hat (worn)
Jewellery
 n - a +6 ring of intelligence (left tentacle)
 o - an amulet of guardian spirit (around mantle)
 t - a ring of protection from cold (right tentacle)
Wands
 p - a wand of digging (5)
Scrolls
 c - 7 scrolls of amnesia {unknown}
 f - 7 scrolls of teleportation {unknown}
 g - 3 scrolls of magic mapping {unknown}
 h - a scroll of enchant weapon {unknown}
 i - a scroll of random uselessness {unknown}
 k - 3 scrolls of identify {unknown}
 m - a scroll of fog {unknown}
 v - a scroll of fear {unknown}
Potions
 d - 2 potions of curing
 e - 2 potions of magic {unknown}
 j - a potion of flight
 u - a potion of heal wounds {unknown}


   Skills:
 - Level 2.0 Fighting
 + Level 3.3 Short Blades
 - Level 2.0 Dodging
 - Level 3.0 Stealth
 - Level 3.0 Spellcasting
 - Level 3.0 Conjurations
 - Level 1.0 Summonings
 - Level 1.0 Translocations


You had 2 spell levels left.
You knew the following spells:

 Your Spells              Type           Power        Failure   Level
a - Magic Dart            Conj           72%          3%          1
b - Blink                 Tloc           N/A          11%         2
c - Call Imp              Summ           8%           11%         2
d - Mephitic Cloud        Conj/Pois/Air  8%           22%         3

Your spell library contained the following spells:

 Spells                   Type           Power        Failure   Level
 Slow                     Hex            3%           16%         2
 Conjure Flame            Conj/Fire      10%          17%         3


Dungeon Overview and Level Annotations

Branches:
Dungeon (4/15)              Sewer (visited)
 Temple: D:4-7

Altars:
Nemelex Xobeh
Xom


Innate Abilities, Weirdness & Mutations

You cannot wear most types of armour.
You are very stealthy in the water. (Stealth+)
You are amphibious.
You can wear up to eight rings at the same time.
You can use your tentacles to constrict eight enemies at once.
Your skin changes colour to match your surroundings (Stealth+).
Your rubbery body absorbs attacks. (AC +1, EV +1)


Message History

You miss the phantom.
The phantom is heavily damaged.
Your white imp hits the phantom but does no damage.
Your iron imp misses the phantom.
The phantom hits you.
* * * LOW HITPOINT WARNING * * *
The phantom blinks!
Your white imp barely misses the phantom.
The phantom completely misses your white imp.
Your white imp hits the phantom.
Your white imp freezes the phantom.
The phantom completely resists.
The phantom barely misses your white imp.
Your white imp closely misses the phantom.
The phantom blinks!
You hit the phantom but do no damage. Your squeeze misses the phantom.
The phantom is heavily damaged.
You closely miss the phantom.
The phantom is heavily damaged.
Your white imp disappears in a puff of smoke!
The phantom hits you!
You die...

.... ......#+#...
##+##... ..#.........
...... ........(...
#.... .............
##...###............
#......§............
#....5..#...⌠.⌠.....
##...W§..###.._..###.
#...@........⌠.⌠..#..
#.................#..
#.................#..
#......######.....#..
#....### #.....#..
#....# #.....#..
#....# #........
#....# ##....### #
######


You could see a phantom and a friendly iron imp (summoned).

Vanquished Creatures
  An iguana (D:4)
  5 adders
  A worm (D:3)
  2 dart slugs (D:2)
  2 leopard geckos
  7 orcs
  4 giant cockroaches
  6 goblins
  9 hobgoblins
  7 jackals
  A quokka (D:3)
  8 bats
  10 frilled lizards
  10 kobolds
  A leopard gecko zombie (D:2)
  7 rats
81 creatures vanquished.

Vanquished Creatures (collateral kills)
  A worker ant (D:4)
  An adder (D:4)
  2 giant cockroaches (D:4)
4 creatures vanquished.

Grand Total: 85 creatures vanquished

Notes
Turn   | Place    | Note
-------+----------+-------------------------------------------
     0 | D:1      | thiole the Octopode Hedge Wizard began the quest for the
                  | Orb.
     0 | D:1      | Reached XP level 1. HP: 11/11 MP: 4/4
    45 | D:1      | Found a shimmering altar of Xom.
   375 | D:1      | Reached XP level 2. HP: 17/17 MP: 6/6
  1055 | D:2      | Reached XP level 3. HP: 18/21 MP: 7/7
  1452 | D:2      | Reached skill level 1 in Fighting
  1985 | D:2      | Reached XP level 4. HP: 16/29 MP: 8/8
  2644 | D:3      | Noticed a sky beast
  2662 | D:3      | Reached skill level 1 in Short Blades
  3264 | D:4      | Learned a level 2 spell: Blink
  3267 | D:4      | Learned a level 2 spell: Call Imp
  3271 | D:4      | Learned a level 3 spell: Mephitic Cloud
  3312 | D:4      | Reached XP level 5. HP: 15/34 MP: 1/9
  3403 | D:4      | Found a glowing drain.
  3437 | Sewer    | Entered a sewer
  4145 | D:4      | Found a sparkling altar of Nemelex Xobeh.
  4168 | D:4      | Noticed a phantom
  4196 | D:4      | Slain by a phantom

Illustrated notes

Levels and vault maps discovered:
D:1:      minmay_arrival_four_houses, layout_basic, xom_teletrap_fun
D:2:      layout_basic, grunt_ministairs_12, minivault_23
D:3:      layout_loops_cross, ashenzari_altar_1, lemuel_doored_altar,
          uniq_robin, uniq_natasha
D:4:      layout_basic, grunt_temple_overflow_open,
          nemelex_xobeh_ov_fountains_minmay, serial_rivers,
          chequers_serial_rivers_room_a, chequers_serial_rivers_room_a,
          chequers_serial_rivers_micro_d, chequers_serial_rivers_micro_c,
          chequers_serial_rivers_room_b, chequers_serial_rivers_micro_e,
          gup_sewer_entry_glass

Skill      XL: |  1  2  3  4  5 |
---------------+----------------+-----
Stealth        | 3 |  3.0
Conjurations   | 2 3 |  3.0
Fighting       | 1 2 |  2.0
Short Blades   | 2 3 |  3.3
Dodging        | |  2.0
Spellcasting   | |  3.0
Summonings     | |  1.0
Translocations | |  1.0

Action                   |  1- 3 |  4- 6 || total
-------------------------+-------+-------++-------
Melee: Dagger            |    79 |    75 ||   154
       Constrict         |    21 |    17 ||    38
       Tentacles         |    16 |    13 ||    29
 Cast: Magic Dart        |     9 |    53 ||    62
       Call Imp          |       |     9 ||     9
       Blink             |       |     2 ||     2
  Use: Potion            |       |     4 ||     4
 Stab: Sleeping          |    11 |     3 ||    14
       Distracted        |     1 |     2 ||     3
Armor: Skin              |     1 |     2 ||     3
Dodge: Dodged            |    45 |    39 ||    84
